[Event "Titled Tuesday Blitz July 13 2021"]
[White "Srihari L R"]
[Black "Horton, Andrew P"]
[WhiteFideId "46617116"]
[BlackFideId "424269"]
[WhiteElo "2121"]
[BlackElo "2401"]
[Result "1/2-1/2"]
[Round "06"]
[TimeControl "180+1"]
[Date "2021.07.13"]
[WhiteClock "0:00:14"]
[BlackClock "0:00:03"]

1. Nf3 Nf6 2. c4 b6 3. g3 Bb7 4. Bg2 g6 5. b4 Bg7 6. Bb2 O-O 7. O-O c5 8. bxc5 bxc5 9. Nc3 Nc6 10. Rb1 Rb8 11. Nd5 e6 12. Nxf6+ Bxf6 13. Bxf6 Qxf6 14. Qa4 Ba8 15. d3 d6 16. Rb5 Rb6 17. Rfb1 Rfb8 18. Rxb6 axb6 19. Nd2 d5 20. cxd5 Nd4 21. e3 Ne2+ 22. Kf1 Nc3 23. Qa7 Rd8 24. Rxb6 Bxd5 25. Rb8 Rxb8 26. Qxb8+ Kg7 27. a3 Nd1 28. Qf4 Bxg2+ 29. Kxg2 Qb2 30. Nc4 Qe2 31. Qe5+ Kg8 32. Qb8+ Kg7 33. Qd6 Qxf2+ 34. Kh3 Qf1+ 35. Kh4 g5+ 36. Kxg5 Qf6+ 37. Kh5 Qf5+ 38. Kh4 Qf6+ 39. Kh3 Qf1+ 40. Kh4 Qf6+ 41. Kh3 Qf1+ 42. Kh4 Qf6+ 1/2-1/2


[Site "https://www.chess.com"]

[Event "Titled Tuesday Blitz July 13 2021"]
[White "Starozhilov, Leonid"]
[Black "Pourkashiyan, Atousa"]
[WhiteFideId "14106752"]
[BlackFideId "12502014"]
[WhiteElo "2414"]
[BlackElo "2285"]
[Result "1-0"]
[Round "06"]
[TimeControl "180+1"]
[Date "2021.07.13"]
[WhiteClock "0:00:16"]
[BlackClock "0:00:09"]

1. c4 e6 2. Nf3 d5 3. b3 Nf6 4. Bb2 Be7 5. g3 O-O 6. Bg2 c5 7. cxd5 exd5 8. d4 Nc6 9. O-O Be6 10. Nc3 Rc8 11. dxc5 Bxc5 12. Rc1 Be7 13. Nb5 Ne4 14. Nfd4 Nxd4 15. Nxd4 Rxc1 16. Qxc1 Bf6 17. Nxe6 fxe6 18. Bxe4 dxe4 19. Bxf6 Qxf6 20. Qe3 Qb2 21. Qxe4 Qxa2 22. Qxe6+ Kh8 23. Rd1 h6 24. Rd7 b6 25. Kg2 a5 26. Qe5 Rg8 27. Rd6 Kh7 28. Rxb6 Qc2 29. Rb5 Rf8 30. Rxa5 Qxb3 31. Ra7 Rg8 32. Re7 Qb4 33. Qe4+ Qxe4+ 34. Rxe4 Rf8 35. f4 Kg6 36. Re5 Kf6 37. e4 Ra8 38. h4 Ra1 39. h5 g6 40. hxg6 Kxg6 41. Re6+ Kg7 42. f5 Ra2+ 43. Kf3 Ra1 44. e5 Rf1+ 45. Kg4 Rf2 46. Re7+ Kf8 47. f6 Rf1 48. Kh5 Rh1+ 49. Kg4 Rf1 50. Rh7 Re1 51. Kf5 Rf1+ 52. Ke6 Kg8 53. Rxh6 Rf3 54. f7+ Rxf7 55. Rh8+ Kxh8 56. Kxf7 Kh7 57. e6 Kh6 58. e7 Kg5 59. e8=Q Kg4 1-0


[Site "https://www.chess.com"]

[Event "Titled Tuesday Blitz July 13 2021"]
[White "Stoyanov, Tsvetan"]
[Black "Steinberg, Nitzan"]
[WhiteFideId "2917173"]
[BlackFideId "2801795"]
[WhiteElo "2198"]
[BlackElo "2440"]
[Result "0-1"]
[Round "06"]
[TimeControl "180+1"]
[Date "2021.07.13"]
[WhiteClock "0:00:13"]
[BlackClock "0:00:34"]

1. e4 c5 2. Nf3 d6 3. d4 cxd4 4. Nxd4 Nf6 5. Nc3 a6 6. h3 e6 7. g4 Nfd7 8. Bg2 b5 9. e5 d5 10. Nxd5 exd5 11. Bxd5 Nb6 12. Bxa8 Nxa8 13. c3 Bb7 14. Rg1 Nb6 15. e6 Bc5 16. Be3 O-O 17. Nc2 Qe7 18. Bxc5 Qxc5 19. Qd4 Qxd4 20. Nxd4 fxe6 21. O-O-O Bd5 22. Rge1 Rxf2 23. Nxe6 N8d7 24. Nc7 Bxa2 25. Re7 Nc5 26. Rd8+ Rf8 27. Ne8 Bf7 28. Rb8 Nd5 29. Rxf7 Kxf7 30. Nd6+ Ke7 31. Nf5+ Kf7 32. Nd6+ Kg8 0-1


[Site "https://www.chess.com"]

[Event "Titled Tuesday Blitz July 13 2021"]
[White "Stribuk, Artiom"]
[Black "Kukhmazov, Arsen"]
[WhiteFideId "13515659"]
[BlackFideId "24108260"]
[WhiteElo "2224"]
[BlackElo "2453"]
[Result "1-0"]
[Round "06"]
[TimeControl "180+1"]
[Date "2021.07.13"]
[WhiteClock "0:00:16"]
[BlackClock "0:00:02"]

1. d4 Nf6 2. c4 e6 3. Nf3 d5 4. g3 Bb4+ 5. Bd2 Be7 6. Bg2 O-O 7. O-O Nbd7 8. Qc2 c6 9. Bf4 b6 10. Ne5 Bb7 11. Rd1 Nh5 12. Bd2 Nhf6 13. Bf4 Rc8 14. Nc3 h6 15. e4 dxc4 16. Nxc4 Ba6 17. Nd6 Ra8 18. d5 cxd5 19. exd5 e5 20. Nf5 Bc5 21. Be3 Bxe3 22. fxe3 Rc8 23. d6 Kh8 24. Qa4 Nc5 25. Qh4 Ne6 26. Rd2 Rc4 27. e4 Ng5 28. Re1 Bb7 29. Nxh6 gxh6 30. Qxh6+ Nfh7 31. d7 Rc6 32. Rd6 Rxd6 33. Qxd6 Nf6 34. Qxe5 Ne6 35. Rd1 Kg7 36. Bh3 Bc6 37. Bxe6 fxe6 38. Qxe6 Bxd7 39. Qe5 Rf7 40. Qg5+ Kf8 41. e5 Qe7 42. exf6 Qe6 43. Qh6+ Ke8 44. Qd2 Qxf6 45. Re1+ Kd8 46. Qe3 Kc7 47. Nd5+ 1-0


[Site "https://www.chess.com"]

[Event "Titled Tuesday Blitz July 13 2021"]
[White "Tejedor Fuente, Enrique"]
[Black "Borisova, Ekaterina"]
[WhiteFideId "2299100"]
[BlackFideId "34124184"]
[WhiteElo "2535"]
[BlackElo "2021"]
[Result "1/2-1/2"]
[Round "06"]
[TimeControl "180+1"]
[Date "2021.07.13"]
[WhiteClock "0:00:02"]
[BlackClock "0:00:04"]

1. e4 e5 2. Nf3 Nc6 3. c3 Nf6 4. d3 d5 5. Nbd2 Bc5 6. b4 Bb6 7. b5 Ne7 8. Be2 Ng6 9. O-O O-O 10. Re1 a6 11. bxa6 Rxa6 12. exd5 Nxd5 13. Bb2 Ndf4 14. Nc4 Re8 15. Bf1 f6 16. d4 e4 17. Nfd2 f5 18. g3 Nd5 19. Nxb6 Rxb6 20. Rb1 e3 21. fxe3 Nxe3 22. Qf3 Rbe6 23. Bd3 f4 24. Nf1 Nxf1 25. Qxf1 fxg3 26. Bc4 gxh2+ 27. Kh1 Kh8 28. Bxe6 Bxe6 29. c4 c6 30. Qf3 Rf8 31. Qe2 Bf5 32. Rbd1 Qh4 33. Qg2 Bg4 34. Re4 h5 35. Rf1 Rxf1+ 36. Qxf1 Qg3 37. Rxg4 Qxg4 38. Kxh2 Nf4 39. d5 cxd5 40. cxd5 Nxd5 41. Qf8+ Kh7 42. Bxg7 Qh4+ 43. Kg1 Qg3+ 44. Kh1 Qh3+ 45. Kg1 Qe3+ 46. Kh1 Qe4+ 47. Kg1 Qg6+ 48. Kh1 Qxg7 49. Qf5+ Kh6 50. Qxd5 Qa1+ 51. Kg2 Qb2+ 52. Kh1 Qb1+ 53. Kg2 Qc2+ 54. Kh1 Qb1+ 55. Kg2 h4 56. Qd2+ Kg6 57. Qd6+ Kh5 58. Qd5+ Kg4 59. Qf3+ Kg5 60. Qe3+ Kf5 61. Qf3+ Kg6 62. Qg4+ Kf6 63. Qxh4+ Ke5 64. Qg5+ Kd4 65. Qf6+ Ke3 66. Qc3+ Ke2 67. Qc4+ Kd2 68. Kf3 Qd1+ 69. Ke4 Qh1+ 70. Kd4 Qh4+ 71. Kc5 Qxc4+ 72. Kxc4 Kc2 73. a4 Kb2 74. Kb4 Ka2 75. a5 Kb2 76. Ka4 Kc3 77. Kb5 Kb3 78. a6 bxa6+ 79. Kxa6 1/2-1/2


[Site "https://www.chess.com"]

[Event "Titled Tuesday Blitz July 13 2021"]
[White "Terry, Renato"]
[Black "Bilych, Olexiy"]
[WhiteFideId "3803457"]
[BlackFideId "14156504"]
[WhiteElo "2581"]
[BlackElo "2246"]
[Result "1-0"]
[Round "06"]
[TimeControl "180+1"]
[Date "2021.07.13"]
[WhiteClock "0:00:29"]
[BlackClock "0:00:28"]

1. e4 Nf6 2. e5 Nd5 3. c4 Nb6 4. d4 d6 5. exd6 cxd6 6. Nc3 g6 7. Be3 Bg7 8. Rc1 O-O 9. b3 Bf5 10. d5 e5 11. dxe6 fxe6 12. Nf3 Nc6 13. Be2 Nd7 14. Qxd6 Nde5 15. Qxd8 Raxd8 16. O-O Nd3 17. Bxd3 Rxd3 18. Ne2 Rfd8 19. Nh4 Bg4 20. Nf4 R3d7 21. h3 e5 22. hxg4 exf4 23. Bxf4 Rd4 24. g3 Nb4 25. Nf3 Rd3 26. Ne5 Bxe5 27. Bxe5 Nxa2 28. Ra1 Rd2 29. Rfe1 R8d3 30. Bf4 Rb2 31. Re8+ Kf7 32. Rae1 Rd7 33. Rh8 1-0


[Site "https://www.chess.com"]

[Event "Titled Tuesday Blitz July 13 2021"]
[White "Timofeev, Artyom"]
[Black "Hansen, Sune Berg"]
[WhiteFideId "4140419"]
[BlackFideId "1400266"]
[WhiteElo "2582"]
[BlackElo "2622"]
[Result "1/2-1/2"]
[Round "06"]
[TimeControl "180+1"]
[Date "2021.07.13"]
[WhiteClock "0:00:29"]
[BlackClock "0:00:18"]

1. c4 e5 2. e3 Nf6 3. Nc3 d6 4. Nf3 g6 5. d4 Nbd7 6. Bd3 Bg7 7. O-O O-O 8. Qc2 Re8 9. dxe5 dxe5 10. Rd1 Qe7 11. e4 c6 12. h3 Nc5 13. Be3 Nh5 14. Bf1 a5 15. g3 Nf6 16. Rd2 h6 17. Rad1 Nh7 18. b3 Ng5 19. Nxg5 hxg5 20. Na4 Ne6 21. Nb6 Rb8 22. Nxc8 Rexc8 23. Rd7 Qe8 24. R7d2 Nd4 25. Bxd4 exd4 26. c5 Qe6 27. Kg2 Re8 28. Re1 g4 29. hxg4 Qxg4 30. Bc4 Be5 31. Qd3 Kg7 32. Qf3 Qxf3+ 33. Kxf3 Rbd8 34. Ke2 Bf6 35. Kd3 Be7 36. Rc2 Rh8 37. Ree2 Rh1 38. e5 Rd1+ 39. Rcd2 Rxd2+ 40. Kxd2 Bxc5 41. a4 Rh8 42. Kd3 Rh1 43. e6 fxe6 44. Rxe6 Rd1+ 45. Ke2 Rh1 46. Bd3 Rh6 47. Re8 Kf6 48. f4 Rh7 49. Kf3 Re7 50. Rxe7 Bxe7 51. Ke4 Bc5 52. g4 Ba7 53. g5+ Kf7 54. Bc4+ Ke7 55. Bd3 Kf7 56. Bc4+ Ke7 57. f5 gxf5+ 58. Kxf5 Kf8 59. Kf6 d3 60. Bxd3 Bd4+ 61. Ke6 b6 62. Kd6 Kg7 63. Kxc6 Bf2 64. g6 Bg1 65. Kb5 Bf2 66. Kc6 Bg1 67. Kb5 Bf2 68. Kc6 1/2-1/2


[Site "https://www.chess.com"]

[Event "Titled Tuesday Blitz July 13 2021"]
[White "Tokman, Ariel"]
[Black "Wong, Yinn Long"]
[WhiteFideId "117420"]
[BlackFideId "5707684"]
[WhiteElo "2345"]
[BlackElo "2016"]
[Result "0-1"]
[Round "06"]
[TimeControl "180+1"]
[Date "2021.07.13"]
[WhiteClock "0:00:02"]
[BlackClock "0:00:09"]

1. e4 c5 2. Nf3 g6 3. h4 Bg7 4. h5 Nc6 5. Bc4 e6 6. d3 Nge7 7. h6 Bf6 8. Qd2 O-O 9. Qf4 Bh8 10. Nc3 d5 11. Bb3 b5 12. a4 b4 13. Ne2 Ba6 14. Ng3 c4 15. dxc4 dxc4 16. Ba2 c3 17. Rb1 Nd4 18. Nxd4 Qxd4 19. Be3 Qd7 20. Rh5 cxb2 21. e5 gxh5 22. Nxh5 f6 23. exf6 Ng6 24. Qg4 Rae8 25. Ng7 Bxg7 26. hxg7 Rf7 27. Rxb2 Rxf6 28. Rxb4 Rd8 29. Rd4 Qe8 30. Bxe6+ Kxg7 31. Rxd8 Qxd8 0-1


[Site "https://www.chess.com"]

[Event "Titled Tuesday Blitz July 13 2021"]
[White "Tristan, Leonardo"]
[Black "Sydoryka, Vladyslav"]
[WhiteFideId "113816"]
[BlackFideId "14145928"]
[WhiteElo "2404"]
[BlackElo "2200"]
[Result "0-1"]
[Round "06"]
[TimeControl "180+1"]
[Date "2021.07.13"]
[WhiteClock "0:00:18"]
[BlackClock "0:00:04"]

1. d4 Nf6 2. Bg5 e6 3. e4 h6 4. Bxf6 Qxf6 5. c3 d6 6. Bc4 g6 7. Ne2 Bg7 8. O-O Nd7 9. Nd2 e5 10. f4 exd4 11. cxd4 O-O 12. e5 Qe7 13. f5 gxf5 14. Ng3 Nb6 15. Nxf5 Bxf5 16. Rxf5 dxe5 17. Bb3 exd4 18. Kh1 c5 19. Qf1 Rae8 20. a4 Nd7 21. Nc4 b6 22. h3 Kh8 23. Qf4 Qe2 24. Rf1 f6 25. Nd6 Re7 26. Bc4 Qe3 27. Qg4 Ne5 28. Rxe5 Rxe5 29. Nf7+ Rxf7 30. Bxf7 f5 31. Qxg7+ Kxg7 0-1


[Site "https://www.chess.com"]

[Event "Titled Tuesday Blitz July 13 2021"]
[White "Tsaruk, Maksim"]
[Black "Dowgird, Filip"]
[WhiteFideId "13511173"]
[BlackFideId "1121235"]
[WhiteElo "2184"]
[BlackElo "2209"]
[Result "1/2-1/2"]
[Round "06"]
[TimeControl "180+1"]
[Date "2021.07.13"]
[WhiteClock "0:00:05"]
[BlackClock "0:00:11"]

1. e4 d6 2. d4 Nf6 3. Nc3 c6 4. Be3 Qb6 5. Rb1 Ng4 6. Bc1 e5 7. Nge2 Be7 8. f3 Nf6 9. Be3 Qc7 10. g3 Nbd7 11. Bg2 b5 12. Qd2 a6 13. O-O O-O 14. h3 Bb7 15. f4 Rfe8 16. g4 b4 17. Nd1 exd4 18. Bxd4 c5 19. Bxf6 Nxf6 20. Ng3 Bf8 21. g5 Nxe4 22. Nxe4 Bxe4 23. Ne3 Qb7 24. Nd5 Qa7 25. Rbe1 Bf5 26. Kh2 Rad8 27. h4 a5 28. h5 c4 29. Ne3 Be6 30. Bd5 c3 31. bxc3 bxc3 32. Qxc3 Rc8 33. Qd3 Bd7 34. g6 hxg6 35. hxg6 Be6 36. Kg3 fxg6 37. Bxe6+ Rxe6 38. Qb3 Qf7 39. f5 gxf5 40. Rxf5 Rg6+ 41. Kf4 Qxb3 42. axb3 Re8 43. Rd1 Rge6 44. Nd5 Re4+ 45. Kf3 R4e5 46. Nc3 Rxf5+ 47. Kg4 Rc5 48. Nd5 Rxd5 49. Rxd5 Re5 50. Rd4 Rc5 51. c4 Kf7 52. Rf4+ Ke7 53. Re4+ Kd7 54. Rf4 Be7 55. Rf7 g5 56. Rh7 Re5 57. Rh8 Kc6 58. Rb8 Kc5 59. Rb5+ Kd4 60. Rb7 Kc3 61. Kh5 Kd4 62. Kg4 Ke4 63. Ra7 Kd4 64. Rb7 1/2-1/2


[Site "https://www.chess.com"]

[Event "Titled Tuesday Blitz July 13 2021"]
[White "Turzo, Attila"]
[Black "Flores Quillas, Diego Saul Rodri"]
[WhiteFideId "704954"]
[BlackFideId "3822508"]
[WhiteElo "2443"]
[BlackElo "2071"]
[Result "0-1"]
[Round "06"]
[TimeControl "180+1"]
[Date "2021.07.13"]
[WhiteClock "0:00:17"]
[BlackClock "0:00:33"]

1. d4 Nf6 2. c4 c5 3. d5 e6 4. Nc3 exd5 5. cxd5 d6 6. e4 g6 7. h3 Bg7 8. Nf3 O-O 9. Bd3 a6 10. a4 Re8 11. O-O Nbd7 12. a5 Nh5 13. Re1 Ne5 14. Nxe5 Bxe5 15. Qf3 Qf6 16. Qxf6 Nxf6 17. g4 Bxc3 18. bxc3 Nxd5 19. Bd2 Nc7 20. c4 Bd7 21. Bc3 Bc6 22. e5 dxe5 23. Bxe5 Ne6 24. Bf6 Nf4 25. Bf1 Rxe1 26. Rxe1 Re8 27. Rxe8+ Bxe8 28. Be7 Ne6 29. Bg2 Bc6 30. Bd5 Nf4 31. Bxc6 bxc6 32. Kh2 Ne6 33. Kg3 f5 34. gxf5 gxf5 35. Kf3 Kf7 36. Bd6 Ng5+ 37. Kf4 Ne4 38. Be5 Ke6 39. Bg7 Nxf2 40. h4 Ne4 41. h5 Nd6 42. Bf8 Nxc4 43. Bxc5 Ne5 44. Kg5 Nf7+ 45. Kf4 Nd6 46. Bxd6 Kxd6 47. Kxf5 c5 48. Kf6 c4 49. Kg7 c3 50. Kxh7 c2 51. h6 c1=Q 52. Kg7 Qc3+ 53. Kg8 Qc8+ 54. Kg7 Qd7+ 55. Kg8 Qg4+ 56. Kh8 Qg5 57. h7 Qxa5 58. Kg8 Qg5+ 59. Kf7 Qh6 60. Kg8 a5 0-1


[Site "https://www.chess.com"]

[Event "Titled Tuesday Blitz July 13 2021"]
[White "Wagner, Dennis"]
[Black "Allahverdiyeva, Ayan"]
[WhiteFideId "24650684"]
[BlackFideId "13412590"]
[WhiteElo "2355"]
[BlackElo "1910"]
[Result "1-0"]
[Round "06"]
[TimeControl "180+1"]
[Date "2021.07.13"]
[WhiteClock "0:02:25"]
[BlackClock "0:00:01"]

1. Nf3 Nf6 2. e3 g6 3. d4 Bg7 4. c4 O-O 5. Be2 d6 6. O-O Nbd7 7. Nc3 e5 8. b3 Re8 9. Bb2 e4 10. Nd2 Nf8 11. b4 h5 12. a4 h4 13. h3 N8h7 14. Re1 Ng5 15. Bf1 Bf5 16. b5 c6 17. a5 d5 18. a6 dxc4 19. axb7 Rb8 20. bxc6 Nd5 21. Bxc4 Nxc3 22. Bxc3 Bf8 23. Rxa7 Bd6 24. Ra5 Bc7 25. Rxf5 gxf5 26. Qh5 Qf6 27. Rb1 Nh7 28. Rb5 Re7 29. Rxf5 Qd6 30. Bxf7+ Kf8 31. Qxh7 Qh2+ 32. Kf1 Qh1+ 33. Ke2 1-0


[Site "https://www.chess.com"]

[Event "Titled Tuesday Blitz July 13 2021"]
[White "Weetik, Vjacheslav"]
[Black "Tologon tegin, Semetei"]
[WhiteFideId "4153472"]
[BlackFideId "13800574"]
[WhiteElo "2469"]
[BlackElo "2224"]
[Result "1-0"]
[Round "06"]
[TimeControl "180+1"]
[Date "2021.07.13"]
[WhiteClock "0:00:07"]
[BlackClock "0:00:05"]

1. d4 Nf6 2. Bf4 d5 3. e3 c5 4. c3 Nc6 5. Nd2 cxd4 6. exd4 Bf5 7. Ngf3 e6 8. Nh4 Bg6 9. Nxg6 hxg6 10. h3 Bd6 11. Be3 Qc7 12. g3 e5 13. dxe5 Nxe5 14. Nb3 a6 15. Bg2 Nc4 16. Bc1 Bxg3 17. fxg3 Qxg3+ 18. Kf1 Rh5 19. Qe1+ Qxe1+ 20. Kxe1 O-O-O 21. Nd4 Ne4 22. Rf1 f5 23. Kd1 Re8 24. b3 Ne5 25. Kc2 Kd7 26. Bf4 Nf7 27. Rae1 Rc8 28. Re3 g5 29. Bh2 g6 30. Kb2 Nfd6 31. a4 Rh7 32. Rd1 f4 33. Rf3 Re7 34. Nc2 Re5 35. Nb4 Ke6 36. h4 Nf5 37. hxg5 Ne3 38. Rxe3 fxe3 39. Bxe5 Kxe5 40. Nd3+ Kf5 41. Bh3+ Kxg5 42. Bxc8 1-0


[Site "https://www.chess.com"]

[Event "Titled Tuesday Blitz July 13 2021"]
[White "Willow, Jonah B"]
[Black "Vovk, Orest"]
[WhiteFideId "438804"]
[BlackFideId "14113490"]
[WhiteElo "2261"]
[BlackElo "2203"]
[Result "1-0"]
[Round "06"]
[TimeControl "180+1"]
[Date "2021.07.13"]
[WhiteClock "0:01:34"]
[BlackClock "0:00:11"]

1. e4 g5 2. d4 h6 3. Nc3 Bg7 4. Bc4 d6 5. h4 g4 6. Bf4 Nf6 7. h5 c6 8. Bd3 Be6 9. Nge2 Qb6 10. Qd2 Qxb2 11. Rb1 Qa3 12. Rxb7 Nbd7 13. O-O Nxh5 14. Rfb1 Nxf4 15. Nxf4 Bxd4 16. Nce2 Be5 17. Nxe6 fxe6 18. Nf4 Nc5 19. Rb8+ Rxb8 20. Rxb8+ Kd7 21. Rxh8 Bxh8 22. Ng6 Bc3 23. Qxh6 Qxa2 24. Qf8 Qa1+ 25. Kh2 Be5+ 26. g3 Bf6 27. e5 dxe5 28. Qb8 Bg7 29. Nf8+ Bxf8 30. Bg6 Nb7 31. Be8# 1-0


[Site "https://www.chess.com"]

[Event "Titled Tuesday Blitz July 13 2021"]
[White "Xie, Bryan"]
[Black "Reprintsev, Alexander"]
[WhiteFideId "30941296"]
[BlackFideId "14100541"]
[WhiteElo "1899"]
[BlackElo "2126"]
[Result "0-1"]
[Round "06"]
[TimeControl "180+1"]
[Date "2021.07.13"]
[WhiteClock "0:01:33"]
[BlackClock "0:01:16"]

1. e4 d5 2. exd5 Qxd5 3. Nc3 Qa5 4. d4 Nf6 5. Bc4 Bg4 6. Ne2 Nc6 7. f3 Be6 8. Bxe6 fxe6 9. O-O O-O-O 10. Be3 e5 11. f4 exd4 12. Nxd4 Nxd4 13. Bxd4 c5 14. b4 Qxb4 15. Rb1 Qxd4+ 16. Qxd4 cxd4 17. Nb5 a6 18. Na3 e6 19. Nc4 Bc5 20. Kh1 Nd5 21. Ne5 Rhf8 22. g3 Nc3 23. Rb2 Bd6 24. Nd3 h6 25. Kg2 g5 26. fxg5 Rxf1 27. Kxf1 hxg5 28. Kg2 g4 29. h3 gxh3+ 30. Kxh3 Rh8+ 31. Kg2 Rg8 32. Rb6 Kc7 33. Rb3 Rxg3+ 34. Kf2 Rh3 35. Kg2 Rh2+ 36. Kf3 Rxc2 37. Nb4 Bxb4 38. Rxb4 e5 39. Rc4+ Kd6 40. Rc8 e4+ 41. Kf4 Nd5+ 42. Kxe4 Rxc8 0-1


[Site "https://www.chess.com"]

[Event "Titled Tuesday Blitz July 13 2021"]
[White "Yanchenko, Roman"]
[Black "Iskusnyh, Sergei"]
[WhiteFideId "4137329"]
[BlackFideId "4120027"]
[WhiteElo "2514"]
[BlackElo "2492"]
[Result "0-1"]
[Round "06"]
[TimeControl "180+1"]
[Date "2021.07.13"]
[WhiteClock "0:00:03"]
[BlackClock "0:01:00"]

1. d4 d5 2. c4 e6 3. Nc3 dxc4 4. Bf4 a6 5. a4 Nc6 6. e3 Na5 7. Nf3 Nf6 8. Nd2 c5 9. Nxc4 cxd4 10. exd4 Bb4 11. Ne5 O-O 12. Bd3 Nd5 13. Bd2 Nc6 14. Nxc6 bxc6 15. O-O a5 16. Qf3 Ba6 17. Rac1 Qf6 18. Qxf6 Nxf6 19. Bxa6 Rxa6 20. Bg5 Nd5 21. Ne4 h6 22. Be3 Rb8 23. Rc2 Be7 24. Rfc1 Rb4 25. Rxc6 Rxc6 26. Rxc6 Rxb2 27. g3 Ra2 28. Ra6 Rxa4 29. Ra8+ Kh7 30. Bd2 Rxd4 31. f3 f5 0-1


[Site "https://www.chess.com"]

[Event "Titled Tuesday Blitz July 13 2021"]
[White "Yoo, Christopher Woojin"]
[Black "Ozen, Bahadir"]
[WhiteFideId "30909694"]
[BlackFideId "6337058"]
[WhiteElo "2105"]
[BlackElo "2503"]
[Result "1/2-1/2"]
[Round "06"]
[TimeControl "180+1"]
[Date "2021.07.13"]
[WhiteClock "0:00:11"]
[BlackClock "0:00:12"]

1. e4 c6 2. d4 d5 3. exd5 cxd5 4. c4 Nf6 5. Nc3 Nc6 6. Nf3 Bg4 7. Bg5 Ne4 8. cxd5 Nxc3 9. bxc3 Qxd5 10. Qb3 Bxf3 11. gxf3 Qxb3 12. axb3 e6 13. b4 Be7 14. Be3 O-O 15. f4 Rfc8 16. Bg2 a6 17. Kd2 Rab8 18. Rhb1 Bd8 19. Kd3 g6 20. c4 Kf8 21. b5 axb5 22. Rxb5 Bf6 23. Rab1 Nxd4 24. Bxd4 Rd8 25. Re5 g5 26. Kc3 gxf4 27. Re4 Rxd4 28. Rxd4 Rd8 29. Rd1 b6 30. Be4 Kg7 31. Bc6 Rd6 32. Be4 Rd8 33. h3 Rd6 34. Bf3 h6 35. Rd3 Kf8 36. Rd1 Kg7 37. Rg1+ Kf8 38. Rd1 Kg7 1/2-1/2


[Site "https://www.chess.com"]

[Event "Titled Tuesday Blitz July 13 2021"]
[White "Yuan, Qingyu"]
[Black "Peralta, Eduardo"]
[WhiteFideId "8609772"]
[BlackFideId "3700062"]
[WhiteElo "2359"]
[BlackElo "2205"]
[Result "0-1"]
[Round "06"]
[TimeControl "180+1"]
[Date "2021.07.13"]
[WhiteClock "0:00:13"]
[BlackClock "0:00:45"]

1. e4 c5 2. Nf3 Nc6 3. Bb5 g6 4. O-O Bg7 5. c3 Nf6 6. Re1 O-O 7. d4 a6 8. Bf1 d5 9. e5 Nd7 10. e6 fxe6 11. Ng5 Nf6 12. Nxe6 Bxe6 13. Rxe6 cxd4 14. cxd4 Ne4 15. Be3 Qd7 16. Rxe4 dxe4 17. Nc3 Nxd4 18. Nxe4 Rad8 19. Nc5 Qc6 20. Nd3 Kh8 21. Rc1 Qd7 22. Nc5 Qd5 23. Qg4 Nf5 24. Bc4 Nxe3 25. Bxd5 Nxg4 26. Bxb7 Bxb2 27. Rb1 Bd4 28. Ne6 Bxf2+ 29. Kh1 Ne3 30. h3 a5 31. a4 Bg3 32. Bf3 Rxf3 33. Nxd8 Rf4 34. Ne6 Rxa4 35. Rc1 Rc4 36. Rb1 a4 37. Ng5 a3 38. Nf3 a2 39. Ra1 Ra4 40. Nd2 Nc2 41. Rd1 a1=Q 42. Nb1 Qxb1 43. Rxb1 Ra1 44. Rxa1 Nxa1 45. h4 Nb3 46. h5 Kg7 47. Kg1 Kf6 48. Kh1 gxh5 49. Kg1 Kf5 50. Kh1 Bb8 51. Kg1 e5 52. Kh1 e4 53. Kg1 Be5 54. Kf1 Bh8 55. Ke2 Ke5 56. Kf1 Kd4 57. Ke2 e3 58. Kf3 Kd3 59. g4 e2 60. gxh5 e1=Q 61. h6 Qe4+ 62. Kg3 Qf5 63. Kh4 Qg6 64. Kh3 Ke3 65. Kh4 Kf3 0-1


[Site "https://www.chess.com"]

[Event "Titled Tuesday Blitz July 13 2021"]
[White "Zhigalko, Sergei"]
[Black "Howell, David W L"]
[WhiteFideId "13502956"]
[BlackFideId "410608"]
[WhiteElo "2933"]
[BlackElo "3017"]
[Result "1/2-1/2"]
[Round "06"]
[TimeControl "180+1"]
[Date "2021.07.13"]
[WhiteClock "0:00:05"]
[BlackClock "0:00:09"]

1. e4 e6 2. d4 d5 3. e5 c5 4. c3 Qb6 5. Nf3 Nc6 6. a3 f6 7. Bd3 fxe5 8. dxe5 Nge7 9. c4 g6 10. O-O Bg7 11. Nc3 O-O 12. Re1 Rxf3 13. Qxf3 Nxe5 14. Qe2 Bd7 15. Bg5 Re8 16. Bxe7 Rxe7 17. cxd5 Nxd3 18. Qxd3 Qxb2 19. Ne4 Qd4 20. Qg3 exd5 21. Qb8+ Re8 22. Nf6+ Qxf6 23. Rxe8+ Bxe8 24. Qxe8+ Bf8 25. Re1 Qf7 26. Qb8 c4 27. Re8 d4 28. Rd8 d3 29. Qc8 b5 30. g3 Kg7 31. Qb8 Be7 32. Rd7 Qe6 33. Qc7 Qe1+ 34. Kg2 Qe4+ 35. f3 Qe2+ 36. Kh3 Kf7 37. Qf4+ Kg7 38. Qc7 Kf7 39. Qf4+ Kg7 40. Qc7 1/2-1/2


[Site "https://www.chess.com"]

[Event "Titled Tuesday Blitz July 13 2021"]
[White "Zubov, Alexander"]
[Black "Le, Tuan Minh"]
[WhiteFideId "14109409"]
[BlackFideId "12401153"]
[WhiteElo "2740"]
[BlackElo "2450"]
[Result "1/2-1/2"]
[Round "06"]
[TimeControl "180+1"]
[Date "2021.07.13"]
[WhiteClock "0:01:13"]
[BlackClock "0:01:27"]

1. d4 d5 2. c4 c6 3. Nf3 Nf6 4. Qb3 dxc4 5. Qxc4 Bg4 6. g3 Bxf3 7. exf3 e6 8. Nc3 Nbd7 9. Bg2 Nb6 10. Qd3 Be7 11. O-O O-O 12. Rd1 Qd7 13. f4 Rfd8 14. Be3 Rac8 15. Qe2 Nbd5 16. Rac1 g6 17. Bf3 Bf8 18. h4 h5 19. Kg2 Bg7 20. Na4 Qe7 21. Nc5 Ne8 22. Nd3 Nd6 23. Ne5 Nf5 24. a3 Rd6 25. Rd3 Rcd8 26. Rcd1 Qf8 27. Bd2 Qe7 28. Kg1 Qc7 29. Bc3 Qe7 30. R3d2 Qe8 31. Be4 Qe7 32. Bb1 Rc8 33. Ba5 Qe8 34. Ba2 Qe7 35. Bb3 Qe8 36. Ba2 Qe7 37. Bb3 Qe8 38. Ba2 1/2-1/2


[Site "https://www.chess.com"]

[Event "Titled Tuesday Blitz July 13 2021"]
[White "Alavkin, Arseny"]
[Black "Senthil Maran K"]
[WhiteFideId "4120612"]
[BlackFideId "25035681"]
[WhiteElo "2401"]
[BlackElo "2194"]
[Result "1-0"]
[Round "07"]
[TimeControl "180+1"]
[Date "2021.07.13"]
[WhiteClock "0:01:03"]
[BlackClock "0:00:01"]

1. e4 c6 2. d4 d5 3. exd5 cxd5 4. Bd3 Nf6 5. c3 Bg4 6. Qb3 Qc8 7. Bf4 e6 8. Nd2 Be7 9. Ngf3 Bxf3 10. Nxf3 O-O 11. O-O Nbd7 12. Rfe1 Rd8 13. h3 Nf8 14. g4 Ng6 15. Bg3 Bd6 16. Ne5 Bxe5 17. dxe5 Nd7 18. f4 Nc5 19. Qc2 Nxd3 20. Qxd3 Qc4 21. Rad1 Qxd3 22. Rxd3 Rac8 23. f5 Nf8 24. Rd4 Nd7 25. h4 Nc5 26. h5 Ne4 27. Bf4 b5 28. Kg2 Re8 29. h6 g6 30. f6 Rc4 31. Red1 Rec8 32. Be3 a6 33. Kf3 Kf8 34. Ke2 Ke8 35. Kd3 Kd7 36. Kc2 R8c6 37. Kb3 Kc8 38. g5 Kb7 39. R4d3 a5 40. Rg1 Ka6 41. Bd4 a4+ 42. Kc2 b4 43. Ra1 Kb5 44. b3 Rxc3+ 45. Bxc3 Rxc3+ 46. Rxc3 Nxc3 47. a3 d4 48. axb4 Kxb4 49. bxa4 Nxa4 50. Kd3 Nc5+ 51. Kc2 d3+ 52. Kd1 Ne4 53. Ra7 Kc3 54. Rc7+ Kd4 55. Rxf7 Nc3+ 56. Kd2 Ne4+ 57. Kc1 Ke3 58. Rd7 1-0


[Site "https://www.chess.com"]

[Event "Titled Tuesday Blitz July 13 2021"]
[White "Aradhya, Garg"]
[Black "Ghazarian, Kirk"]
[WhiteFideId "25006746"]
[BlackFideId "30908604"]
[WhiteElo "2146"]
[BlackElo "2003"]
[Result "1-0"]
[Round "07"]
[TimeControl "180+1"]
[Date "2021.07.13"]
[WhiteClock "0:00:49"]
[BlackClock "0:00:10"]

1. d4 Nf6 2. Nf3 g6 3. Bg5 Bg7 4. Nbd2 d5 5. e3 O-O 6. Bd3 Nbd7 7. O-O c5 8. c3 b6 9. h3 Bb7 10. Qb1 Qc7 11. Bf4 Qc8 12. a4 a6 13. b4 Re8 14. Rc1 c4 15. Bc2 Nh5 16. Bh2 f5 17. g4 fxg4 18. hxg4 Nhf6 19. g5 Nh5 20. Bxg6 hxg6 21. Qxg6 Ndf6 22. gxf6 Nxf6 23. Ne5 Rf8 24. Bf4 Qe8 25. Qxe8 Raxe8 26. Kg2 Bc8 27. Rh1 Ng4 28. Nxg4 Bxg4 29. Rag1 Bf5 30. f3 Bd3 31. Kf2 Kf7 32. e4 e6 33. Rh7 Rg8 34. Be5 1-0


[Site "https://www.chess.com"]